 Dungeon Crawl Stone Soup version 0.20.1-1-g8b1a95d (webtiles) character file.

25 keltmir the Changer (level 2, 0/23 HPs)
             Began as a Draconian Transmuter on Oct 29, 2017.
             Slain by a worm (8 damage)
             ... on level 2 of the Dungeon.
             The game lasted 00:03:43 (1026 turns).

keltmir the Changer (Draconian Transmuter)          Turns: 1026, Time: 00:03:44

Health: 0/23       AC:  4    Str: 12    XL:     2   Next: 82%
Magic:  5/5        EV: 12    Int: 13    God:
Gold:   72         SH:  0    Dex: 11    Spells: 4/5 levels left

rFire    . . .     SeeInvis .     - Unarmed
rCold    . . .     Gourm    .   (no shield)
rNeg     . . .     Faith    .   (armour unavailable)
rPois    .         Spirit   .   (helmet restricted)
rElec    .         Reflect  .   (no cloak)
rCorr    .         Harm     .   (no gloves)
MR       .....                  (no boots)
Stlth    +.........             (no amulet)
Regen    0.1/turn               (no ring)
MPRegen  0.1/turn               (no ring)

@: appendage (expiring)
A: unfitting armour, horns 2, cold-blooded, AC +4
a: End Transformation


You were on level 2 of the Dungeon.
You were hungry.
You had grown temporary horns.
You visited 1 branch of the dungeon, and saw 2 of its levels.

You collected 72 gold pieces.

Inventory:

Missiles
 a - 12 arrows
Armour
 m - a +2 helmet
Jewellery
 p - an uncursed ring of protection from magic {unknown}
Scrolls
 d - a scroll of fear {unknown}
 h - a scroll of random uselessness {unknown}
 j - 2 scrolls of amnesia {unknown}
 l - a scroll of remove curse {unknown}
 n - a scroll of identify {unknown}
Potions
 e - a potion of cancellation {unknown}
 i - a potion of curing {unknown}
 o - a potion of heal wounds {unknown}
Books
 b - a book of Changes

   Spells                             Type                      Level
   a - Beastly Appendage              Transmutation                1
   b - Sticks to Snakes               Transmutation                2
   c - Spider Form                    Transmutation/Poison         3
   d - Ice Form                       Ice/Transmutation            4
   e - Blade Hands                    Transmutation                5
Comestibles
 c - a bread ration
 f - 3 fruits
 g - a royal jelly
 k - a chunk of flesh


   Skills:
 - Level 1.1 Fighting
 - Level 1.7 Dodging
 + Level 0.2 Stealth
 - Level 3.0 Unarmed Combat
 - Level 2.0 Spellcasting
 + Level 3.3 Transmutations


You had 4 spell levels left.
You knew the following spells:

 Your Spells              Type           Power        Failure   Level  Hunger
a - Beastly Appendage     Tmut           ##....       6%          1    ##.....


Dungeon Overview and Level Annotations

Branches:
Dungeon (2/15)

Altars:

Annotations:
D:2 Sigmund


Innate Abilities, Weirdness & Mutations

Your plain brown scales are hard. (AC +4)
You cannot fit into any form of body armour.
You are cold-blooded and may be slowed by cold attacks.
You have a pair of horns on your head.


Message History

The worm closely misses you. The rat bites you.
The kobold hits you but does no damage.
You hit the worm but do no damage.
The worm is heavily wounded.
The kobold completely misses you. The rat bites you but does no damage.
You hit the worm. Your headbutt misses the worm.
The worm is almost dead.
The worm bites you! The kobold hits you but does no damage. The rat bites you.
You are too injured to fight recklessly!
You are too injured to fight recklessly!
You are too injured to fight recklessly!
You are too injured to fight recklessly!
You are too injured to fight recklessly!
You are too injured to fight recklessly!
You are too injured to fight recklessly!
You hit the worm.
You tail-slap the worm, but do no damage.
The worm is almost dead.
The worm bites you!
You die...

##.#.#####
...#.#....
##........#
#.....#.#.# #
....#..#.#####.#
#.............#
#..........#
#######
+....wr###.#
##.....##
#....@K# #.#
#........
#......# #.#
#...(....
#....$%#
#.###........
#......#
#..........#
#......#
######.....#
########
#.....##
#.....<#
#.....## #######


You could see a worm, a kobold and a rat.

Vanquished Creatures
  A dart slug (D:1)
  2 bats (D:1)
  2 giant cockroaches
  A hobgoblin (D:2)
  3 jackals (D:1)
  A frilled lizard (D:1)
  2 goblins (D:1)
  5 kobolds (D:1)
  7 rats
24 creatures vanquished.

Notes
Turn   | Place    | Note
-------+----------+-------------------------------------------
     0 | D:1      | keltmir the Draconian Transmuter began the quest for the Orb.
     0 | D:1      | Reached XP level 1. HP: 16/16 MP: 3/3
   279 | D:1      | Reached XP level 2. HP: 22/23 MP: 3/5
   953 | D:2      | Noticed Sigmund
  1026 | D:2      | Slain by a worm

Skill      XL: |  1  2 |
---------------+-------+-----
Transmutations | 3 |  3.3
Fighting       | |  1.1
Dodging        | |  1.7
Stealth        | |  0.2
Unarmed Combat | |  3.0
Spellcasting   | |  2.0

Action                   || total
-------------------------++-------
Melee: Unarmed           ||    85
       Tailslap          ||     8
       Kick              ||     1
       Headbutt          ||     1
 Cast: Beastly Appendage ||     6
 Stab: Sleeping          ||     1
Armor: Skin              ||    30
Dodge: Dodged            ||    52
